[gd_resource type="Resource" script_class="PatientSchedule" load_steps=13 format=3 uid="uid://b0b2e8fyou4t6"]

[ext_resource type="Script" path="res://game/characters/npcs/patients/scheduling/activities/individual_activities/sleep_activity.gd" id="1_7dxr8"]
[ext_resource type="Script" path="res://game/characters/npcs/patients/scheduling/activities/activity_assignment.gd" id="2_6vmfd"]
[ext_resource type="Resource" uid="uid://2qph67l2308" path="res://game/configurations/patients/defaults/default_pills_assignment.tres" id="3_75fsn"]
[ext_resource type="Resource" uid="uid://ceynvekks5ixg" path="res://game/configurations/patients/defaults/default_eat_assignment.tres" id="4_utlxn"]
[ext_resource type="Resource" uid="uid://h3q2qvo0mjy5" path="res://game/configurations/patients/individuals/sexy_vegetarian/sexy_vegetarian_free_time_activity2.tres" id="5_ilqed"]
[ext_resource type="Resource" uid="uid://c7yu2k6gnsx3v" path="res://game/configurations/patients/defaults/default_brush_teeth_assignment.tres" id="6_7chkb"]
[ext_resource type="Resource" uid="uid://38m7ckbkdivj" path="res://game/configurations/patients/defaults/default_dinner_assignment.tres" id="6_384ms"]
[ext_resource type="Script" path="res://game/characters/npcs/patients/scheduling/patient_schedule.gd" id="7_jidem"]

[sub_resource type="Resource" id="Resource_huwoa"]
script = ExtResource("1_7dxr8")
bed_id = 0

[sub_resource type="Resource" id="Resource_5fl6t"]
script = ExtResource("2_6vmfd")
activity = SubResource("Resource_huwoa")
_from_hours = 0
_from_minutes = 0
_to_hours = 7
_to_minutes = 0

[sub_resource type="Resource" id="Resource_k77re"]
script = ExtResource("1_7dxr8")
bed_id = 0

[sub_resource type="Resource" id="Resource_js0t7"]
script = ExtResource("2_6vmfd")
activity = SubResource("Resource_k77re")
_from_hours = 22
_from_minutes = 30
_to_hours = 23
_to_minutes = 59

[resource]
script = ExtResource("7_jidem")
patient_id = 6
_assignments = Array[ExtResource("2_6vmfd")]([SubResource("Resource_5fl6t"), ExtResource("3_75fsn"), ExtResource("4_utlxn"), ExtResource("5_ilqed"), ExtResource("6_384ms"), ExtResource("6_7chkb"), SubResource("Resource_js0t7")])
